 Dungeon Crawl Stone Soup version 0.16-a0-3972-g91ea21f (webtiles) character file.

578 MDvedh the Spear-Bearer (level 7, -1/50 HPs)
             Began as a Merfolk Ice Elementalist on Feb 11, 2015.
             Was an Initiate of Okawaru.
             Slain by kober's ghost (10 damage)
             ... on level 5 of the Dungeon.
             The game lasted 00:15:16 (4180 turns).

MDvedh the Spear-Bearer (Merfolk Ice Elementalist)  Turns: 4180, Time: 00:15:16

Health: -1/50      AC: 13    Str:  8    XL:     7   Next: 35%
Magic:  8/13       EV: 18    Int: 15    God:    Okawaru [......]
Gold:   321        SH:  0    Dex: 20    Spells: 2 memorised, 7 levels left

rFire  . . .     SeeInvis +     k - +0 spear
rCold  + . .     Clarity  .     g - +3 leather armour {rC+}
rNeg   . . .     SustAb   .     (no shield)
rPois  .         Gourm    .     (helmet restricted)
rElec  .         Spirit   .     (no cloak)
rCorr  .         Warding  .     u - +0 pair of gloves
rMut   .         Stasis   .     (no boots)
MR     .....                    (no amulet)
Stlth  +++.......               (no ring)
                                i - +5 ring of evasion

@: icy armour, very slightly contaminated, not resistant to hostile
enchantments, fairly stealthy
A: change form in water, swift swim, horns 2, thin skeletal structure 1, see
invisible, agile 1, high mp 1, robust 1
a: Renounce Religion


You were on level 5 of the Dungeon.
You worshipped Okawaru.
Okawaru was noncommittal.
You were hungry.

You visited 2 branches of the dungeon, and saw 6 of its levels.

You collected 321 gold pieces.

Inventory:

Hand weapons
 a - a +0 short sword of venom
 k - a +0 spear (weapon)
Armour
 g - a +3 leather armour of cold resistance (worn)
 u - a +0 pair of gloves (worn)
Jewellery
 i - a +5 ring of evasion (left hand)
 w - an uncursed amulet of resist mutation {unknown}
Magical devices
 p - a wand of digging (2)
 r - a wand of polymorph (13)
Scrolls
 e - 2 scrolls of amnesia
 o - 2 scrolls of identify
 t - a scroll of teleportation {unknown}
 v - a scroll of enchant weapon {unknown}
Potions
 d - a potion of lignification {unknown}
 f - a potion of invisibility
 j - a potion of might {unknown}
 m - a potion of ambrosia
 n - 2 potions of curing
 q - a potion of poison {unknown}
 s - a potion of agility
Books
 b - a book of Frost

   Spells                             Type                      Level
   a - Freeze                         Ice                          1
   b - Throw Frost                    Conjuration/Ice              2
   c - Ozocubu's Armour               Charms/Ice                   3
   d - Throw Icicle                   Conjuration/Ice              4
   e - Summon Ice Beast               Ice/Summoning                4
   f - Condensation Shield            Ice                          4
Comestibles
 c - 4 bread rations
 h - 2 meat rations
 l - 3 fruits


   Skills:
 * Level 8.0 Polearms
 - Level 2.6 Dodging
 - Level 2.1 Stealth
 - Level 2.6 Spellcasting
   Level 0.7 Conjurations
 + Level 4.1 Charms
 - Level 4.1 Ice Magic


You had 7 spell levels left.
You knew the following spells:

 Your Spells              Type           Power        Failure   Level  Hunger
a - Freeze                Ice            ##..         8%          1    #......
b - Ozocubu's Armour      Chrm/Ice       ##......     21%         3    ###....


Dungeon Overview and Level Annotations

Branches:
Dungeon (5/15)             Temple (1/1) D:5

Altars:
Ashenzari
Dithmenos
Fedhas
Gozag
Kikubaaqudgha
Nemelex Xobeh
Okawaru
Qazlal
Ru
Trog
Vehumet
Xom
Yredelemnul
Zin
The Shining One

Annotations:
D:5 kober's ghost, experienced HESk


Innate Abilities, Weirdness & Mutations

You revert to your normal form in water.
You are very nimble and swift while swimming.
You have a pair of horns on your head.
You have a somewhat thin skeletal structure (Dex +2, Stealth).
You have supernaturally acute eyesight.
You are agile. (Dex +2)
You have an increased reservoir of magic (+10% MP).
You are robust (+10% HP).


Message History

Unknown command.
Casting: Freeze
Confirm with . or Enter, or press ? or * to list all spells.
Aiming: Freeze
Press: ? - help, Shift-Dir - straight line, f/p - kober's ghost
Aim: kober's ghost (almost destroyed)
You freeze kober's ghost.
Kober's ghost is almost destroyed.
Kober's ghost hits you.
* * * LOW HITPOINT WARNING * * *
Unknown command.
Casting: Freeze
Confirm with . or Enter, or press ? or * to list all spells.
Aiming: Freeze
Press: ? - help, Shift-Dir - straight line, f/p - kober's ghost
Aim: kober's ghost (almost destroyed)
You freeze kober's ghost.
Kober's ghost is almost destroyed.
Kober's ghost hits you!
You die...

#########.#..#.########
........#.#......#.....
........#.##.#...##.##.
......<....##.#....#.##.
............#.#....#.##.
.....^......#.#....#.##.
............#.#....#.##.
..........####.#....#..#.
####'#W@......#....##.#.
#.#.########....##.#. #
#.#......#....##.#.
#.#.#..#.#.........
#.#.#..#.#..#.##.##
#.#.#..#.#..#.##.#
#.#.#..#.#.....#.#
..#.#..#....#..#.##
##.#..#....#.>#...


You could see kober's ghost.

Vanquished Creatures
  A phantom (D:5)
  A goliath beetle (D:4)
  A jelly (D:4)
  2 crimson imps (D:5)
  A giant frog zombie (D:5)
  2 orc priests (D:3)
  A hound (D:4)
  A centaur skeleton (D:4)
  A worker ant (D:4)
  An orc wizard (D:3)
  8 adders
  2 worms
  A giant mite (D:2)
  An adder skeleton (D:4)
  4 giant geckos
  An ooze (D:1)
  5 orcs
  A ball python (D:2)
  10 bats
  5 giant cockroaches
  5 hobgoblins
  3 jackals (D:3)
  9 giant newts
  9 goblins
  9 kobolds
  A quokka (D:5)
  12 rats
98 creatures vanquished.

Notes
Turn   | Place    | Note
--------------------------------------------------------------
     0 | D:1      | MDvedh, the Merfolk Ice Elementalist, began the quest for the Orb.
     0 | D:1      | Reached XP level 1. HP: 13/13 MP: 3/3
   626 | D:1      | Reached XP level 2. HP: 19/19 MP: 5/5
   835 | D:1      | Reached skill level 4 in Ice Magic
   837 | D:1      | Reached XP level 3. HP: 17/24 MP: 2/6
   843 | D:1      | Learned a level 3 spell: Ozocubu's Armour
  1165 | D:2      | Found a basalt altar of Yredelemnul.
  1199 | D:2      | Reached skill level 1 in Polearms
  1453 | D:2      | Reached skill level 1 in Charms
  1453 | D:2      | Reached XP level 4. HP: 27/30 MP: 2/8
  1577 | D:2      | Found an ancient bone altar of Kikubaaqudgha.
  2073 | D:3      | Reached XP level 5. HP: 26/35 MP: 1/9
  2465 | D:3      | Reached skill level 5 in Polearms
  2795 | D:4      | Reached XP level 6. HP: 22/41 MP: 6/11
  2894 | D:4      | Gained mutation: You have a pair of small horns on your head. [potion of mutation]
  2894 | D:4      | Gained mutation: You have a pair of horns on your head. [potion of mutation]
  2894 | D:4      | Gained mutation: You have supernaturally acute eyesight. [potion of mutation]
  2895 | D:4      | Gained mutation: You have an increased reservoir of magic (+10% MP). [potion of beneficial mutation]
  3109 | D:4      | Reached skill level 6 in Polearms
  3244 | D:4      | Gained mutation: Your body is slowly deteriorating. [potion of mutation]
  3244 | D:4      | Lost mutation: Your body is slowly deteriorating. [potion of mutation]
  3244 | D:4      | Gained mutation: You are agile. (Dex +2) [potion of mutation]
  3245 | D:4      | Gained mutation: You have a somewhat thin skeletal structure (Dex +2, Stealth). [potion of mutation]
  3245 | D:4      | Gained mutation: You are robust (+10% HP). [potion of mutation]
  3729 | D:5      | Entered Level 5 of the Dungeon
  3731 | D:5      | Noticed kober's ghost (experienced HESk)
  3746 | D:5      | Reached skill level 7 in Polearms
  3774 | D:5      | Found a shadowy altar of Dithmenos.
  3774 | D:5      | Found a bloodstained altar of Trog.
  3788 | D:5      | Reached XP level 7. HP: 50/50 MP: 13/13
  3878 | D:5      | Found a staircase to the Ecumenical Temple.
  3961 | D:5      | Reached skill level 8 in Polearms
  4021 | Temple   | Entered the Ecumenical Temple
  4034 | Temple   | Became a worshipper of Warmaster Okawaru
  4126 | D:5      | Found a glowing silver altar of Zin.
  4180 | D:5      | Slain by kober's ghost

Action                   |  1- 3 |  4- 6 |  7- 9 || total
-------------------------+-------+-------+-------++-------
Melee: Unarmed           |    10 |       |       ||    10
       Short sword       |    42 |     4 |       ||    46
       Spear             |    37 |   230 |    61 ||   328
 Cast: Freeze            |    26 |    43 |     3 ||    72
       Ozocubu's Armour  |       |       |     1 ||     1
  Use: Potion            |     1 |     4 |     1 ||     6
       Scroll            |       |     9 |       ||     9
 Stab: Sleeping          |       |     6 |     2 ||     8
       Distracted        |       |       |     1 ||     1
  Eat: Chunk             |     2 |     8 |     1 ||    11
